 Dungeon Crawl Stone Soup version 0.29.1-14-g9c671dbff4 (webtiles) character file.

Game seed: 10897308865889798931

660 protoss039 the Digger (level 7, 55/55 HPs)
             Began as a Demonspawn Earth Elementalist on Feb 16, 2023.
             Was an Initiate of Vehumet.
             Got out of the dungeon alive.
             The game lasted 00:04:51 (4738 turns).

protoss039 the Digger (DsEE)                        Turns: 4738, Time: 00:04:52

Health: 55/55      AC:  6    Str:  9    XL:     7   Next: 30%
Magic:  13/13      EV: 12    Int: 18    God:    Vehumet [......]
Gold:   240        SH:  0    Dex: 13    Spells: 9/15 levels left

rFire   . . .      SeeInvis .   g - +1 dagger (venom)
rCold   . . .      Faith    .   (no shield)
rNeg    . . .      Spirit   .   a - +0 robe
rPois   .          Reflect  .   (no helmet)
rElec   .          Harm     .   (no cloak)
rCorr   .          Rampage  .   (no gloves)
Will    .....                   d - +0 pair of boots
Stlth   ++........              (no amulet)
HPRegen 0.18/turn               (no ring)
MPRegen 0.13/turn               (no ring)

@: no status effects
A: hooves 2, slimy green scales 2, ignite blood 1, powered by pain 1
a: Renounce Religion


You escaped.
You worshipped Vehumet.
Vehumet was noncommittal.
You visited 2 branches of the dungeon, and saw 6 of its levels.

You collected 240 gold pieces.

Inventory:

Hand Weapons
 g - a +1 dagger of venom (weapon)
Armour
 a - a +0 robe (worn)
 d - a +0 pair of boots (worn)
Scrolls
 e - a scroll of blinking {unknown}
 i - a scroll of magic mapping {unknown}
 l - a scroll of identify
 m - 2 scrolls of amnesia
 n - a scroll of immolation
 o - a scroll of poison {unknown}
 p - a scroll of brand weapon {unknown}
Potions
 b - 3 potions of magic
 f - a potion of might
 h - a potion of cancellation {unknown}
 j - a potion of mutation {unknown}
 k - a potion of attraction {unknown}
 q - a potion of curing {unknown}


   Skills:
 + Level 4.3 Fighting
 - Level 1.7 Dodging
 - Level 1.7 Stealth
 + Level 4.6 Spellcasting
 - Level 0.8 Transmutations
 + Level 5.0 Earth Magic


You had 9 spell levels left.
You knew the following spells:

 Your Spells              Type           Power      Damage    Failure   Level
a - Sandblast             Erth           44%        2d11      1%          1
b - Passwall              Tmut/Erth      11%        N/A       6%          2
c - Stone Arrow           Conj/Erth      26%        3d8       16%         3

Your spell library contained the following spells:

 Spells                   Type           Power      Damage    Failure   Level
 Petrify                  Tmut/Erth      14%        N/A       38%         4


Dungeon Overview and Level Annotations

Branches:
Dungeon (5/15) Zot: 25305  Temple (1/1) D:5 Zot: 5899

Altars:
Ashenzari
Cheibriados
Dithmenos
Kikubaaqudgha
Qazlal
Sif Muna
Uskayaw
Vehumet
Yredelemnul


Innate Abilities, Weirdness & Mutations

You have hoof-like feet.
You are mostly covered in slimy green scales. (AC +3)
Your demonic aura sometimes causes spilled blood to erupt in flames.
You sometimes gain a little power by taking damage.


Message History

Unknown command.
Unknown command.
Casting: Sandblast (safe; 1% risk of failure)
Confirm with . or Enter, or press ? or * to list all spells.
You don't have enough magic to cast this spell.
Unknown command.
You miss the adder.
The adder is lightly wounded.
The adder barely misses you.
You hit the adder but do no damage.
The adder looks as sick as possible!
The adder is moderately wounded.
The adder bites you. The adder barely misses you.
You miss the adder.
The adder is severely wounded.
The adder closely misses you.
You closely miss the adder.
The adder is severely wounded.
You kill the adder!
Vehumet accepts your kill.
Your Earth Magic skill increases to level 5!
You see here a +0 giant club.
There is a stone staircase leading up here.
You climb upwards.
There is a stone staircase leading down here.
(D) Dungeon (T) Temple
Where to? (Enter - D:5 @ (x,y), ? - help)
What level of the Dungeon? (default 1, ? - help)
There is an escape hatch in the ceiling here.
A mysterious force pulls you upwards. The hatch slams shut behind you.
You see here a +0 trident.
There is a stone staircase leading up here.
You climb upwards.
There is a stone staircase leading down here.
There is a stone staircase leading up here.
You climb upwards.
There is a stone staircase leading down here.
Magic restored.
There is a staircase leading out of the dungeon here.
Are you sure you want to leave the Dungeon?
This will make you lose the game!
You have escaped!

###############
#..≈~.P@..P...#
#.~~.P.~.P..PP##
#.PP.P....~.~#~##
#......P.....#.~#
#.~~.....P..P~~≈#
##......P.P..~~##
#.....P...~...~.#
#.....~.......~.#
##~.≈≈P..P..~~.##


There were no monsters in sight!

Vanquished Creatures
  An ice beast (D:5)
  A black bear (D:3)
  An ogre (D:5)
  A phantom (D:4)
  2 scorpions
  A gnoll bouda (D:4)
  7 gnolls (D:4)
  2 adders
  A dart slug (D:1)
  11 orcs
  3 ball pythons
  8 bats
  4 endoplasms
  3 giant cockroaches
  5 hobgoblins
  6 jackals
  9 kobolds
  4 quokkas
  5 frilled lizards
  3 goblins
  7 rats
85 creatures vanquished.

Vanquished Creatures (others)
  A fungus (D:1)
1 creature vanquished.

Grand Total: 86 creatures vanquished

Notes
Turn   | Place    | Note
-------+----------+-------------------------------------------
     0 | D:1      | protoss039 the Demonspawn Earth Elementalist began the
                  | quest for the Orb.
     0 | D:1      | Reached XP level 1. HP: 13/13 MP: 3/3
   170 | D:1      | Found a faded altar of an unknown god.
   228 | D:1      | Gained mutation: You are partially covered in slimy green
                  | scales. (AC +2) [demonic ancestry]
   228 | D:1      | Reached XP level 2. HP: 7/20 MP: 0/5
   570 | D:1      | Reached skill level 1 in Fighting
   613 | D:1      | Reached skill level 3 in Earth Magic
  1320 | D:1      | Gained mutation: You have large cloven feet. [demonic
                  | ancestry]
  1320 | D:1      | Reached XP level 3. HP: 26/26 MP: 3/6
  1411 | D:1      | Learned a level 2 spell: Passwall
  2793 | D:3      | Gained mutation: You are mostly covered in slimy green
                  | scales. (AC +3) [demonic ancestry]
  2793 | D:3      | Reached XP level 4. HP: 33/33 MP: 8/8
  3017 | D:3      | You fall into a shaft and drop 1 floor!
  3682 | D:4      | Noticed a black bear
  3691 | D:3      | Killed a black bear
  3692 | D:3      | Reached skill level 4 in Earth Magic
  3692 | D:3      | Gained mutation: Your demonic aura sometimes causes spilled
                  | blood to erupt in flames. [demonic ancestry]
  3692 | D:3      | Reached XP level 5. HP: 27/41 MP: 4/10
  3806 | D:4      | Noticed a phantom
  3815 | D:4      | Killed a phantom
  3816 | D:4      | Gained mutation: You sometimes gain a little power by
                  | taking damage. [demonic ancestry]
  3816 | D:4      | Reached XP level 6. HP: 36/47 MP: 2/11
  4351 | D:4      | Found a broken altar of Ashenzari.
  4414 | D:4      | Learned a level 3 spell: Stone Arrow
  4415 | D:5      | Entered Level 5 of the Dungeon
  4415 | D:5      | Found a staircase to the Ecumenical Temple.
  4433 | Temple   | Entered the Ecumenical Temple
  4522 | Temple   | Became a worshipper of Vehumet
  4569 | D:5      | Noticed an ice beast
  4573 | D:5      | Gained mutation: You have hoof-like feet. [demonic
                  | ancestry]
  4573 | D:5      | Reached XP level 7. HP: 54/54 MP: 8/13
  4585 | D:5      | Reached skill level 5 in Earth Magic
  4738 | D:$      | Got out of the dungeon alive.

Illustrated notes

Levels and vault maps discovered:
D:1:      lemuel_arrival_muddy, layout_loops_ring,
          shapermc_ecumenical_altar_ellora, dreamdust_princess_corridor,
          solitary_fountain
D:2:      layout_loops_ring, kennysheep_nub, minmay_misc_feat_hallway,
          guppyfry_early_lair_pool
D:3:      layout_loops_ring
D:4:      layout_basic, marbit_many_paths, kennysheep_small_square
D:5:      layout_rooms, lemuel_doored_altar, minmay_temple_entry_glass,
          st_stairs_3
Temple:   eino_wide_crystal_templ

Skill      XL: |  1  2  3  4  5  6  7 |
---------------+----------------------+-----
Fighting       | 1 3 4 |  4.3
Earth Magic    | 3 4 5 |  5.0
Spellcasting   | 3 4 |  4.6
Dodging        | |  1.7
Stealth        | |  1.7
Transmutations | |  0.8

Action                   |  1- 3 |  4- 6 |  7- 9 || total
-------------------------+-------+-------+-------++-------
Melee: Unarmed           |    20 |       |       ||    20
       Dagger            |    42 |    47 |     7 ||    96
       Kick              |     1 |       |       ||     1
 Cast: Sandblast         |    48 |    58 |     3 ||   109
       Stone Arrow       |       |     2 |     2 ||     4
  Use: Scroll            |       |     4 |       ||     4
 Stab: Sleeping          |     2 |     1 |       ||     3
Armor: Robe              |    20 |    25 |     3 ||    48
Dodge: Dodged            |    60 |    54 |     8 ||   122
